 Dungeon Crawl Stone Soup version 0.20-a0-631-g6870b83 (webtiles) character file.

252368 M4edhros the Peltast (level 19, 0/131 HPs)
             Began as an Octopode Artificer on Feb 11, 2017.
             Was the Champion of Ru.
             Killed from afar by a deep elf annihilator (83 damage)
             ... with a crystal spear
             ... on level 3 of the Elven Halls on Feb 12, 2017.
             The game lasted 02:33:14 (41062 turns).

M4edhros the Peltast (Octopode Artificer)          Turns: 41062, Time: 02:33:15

Health: 0/131      AC: 12    Str: 17    XL:     19   Next: 68%
Magic:  25/25      EV: 24    Int: 12    God:    Ru [******]
Gold:   966        SH: 16    Dex: 18    Spells: 5/30 levels left

rFire    + + .     SeeInvis .   M - +3 sling "Punk" {acid, rCorr}
rCold    + + +     Gourm    .   c - +2 shield of Resistance {rF+ rC+ MR+}
rNeg     . . .     Faith    .   H - +1 hat
rPois    .         Spirit   .   P - amulet of regeneration
rElec    .         Reflect  .   e - ring of wizardry
rCorr    +         Harm     .   o - +5 ring of protection
MR       ++...     Rnd*Rage +   u - +3 ring of protection
Stlth    ++++++++++             R - +5 ring of slaying
Regen    0.8/turn               b - +4 ring of strength
                                g - ring "Cod Simp" {+Fly rF+ Dex+2 Stlth+}
                                T - ring of Shadows {Umbra +Inv Stlth+}
                                G - ring of Hidapi {rCorr rC+}

@: wreathed by umbra
A: almost no armour, stealthy swim, amphibious, 8 rings, constrict 8, molten
scales 1, camouflage 1, berserk 1, clumsy 1, cold resistance 2, deterioration 1,
dopey 1, fire resistance 1, low mp 1, sense surroundings 1, wild magic 1,
gelatinous body 1, no potion heal 3, unskilled 1, temperature sensitive
}: 2/15 runes: decaying, gossamer
a: Draw Out Power, Power Leap, Apocalypse, Renounce Religion, Evoke
Invisibility, Evoke Flight


You were on level 3 of the Elven Halls.
You worshipped Ru.
Ru was exalted by your worship.
You were not hungry.

You visited 6 branches of the dungeon, and saw 34 of its levels.
You also visited: Sewer, Bailey and Ice Cave.

You collected 3911 gold pieces.
You spent 2945 gold pieces at shops.

Inventory:

Hand Weapons
 m - a +0 blowgun
 z - a +2 flail of protection
 M - the +3 sling "Punk" (weapon) {acid, rCorr}
   (You found it in an ice cave)

   It protects you from acid and corrosion.
Missiles
 j - 612 stones (quivered)
 w - 236 sling bullets
 B - 3 curare-tipped needles
Armour
 c - the +2 shield of Resistance (worn) {rF+ rC+ MR+}
   (You found it on level 13 of the Dungeon)

   It protects you from fire.
   It protects you from cold.
   It affects your resistance to hostile enchantments.
 H - a +1 hat (worn)
Jewellery
 b - a +4 ring of strength (on tentacle)
 e - a ring of wizardry (left tentacle)
 g - the ring "Cod Simp" (on tentacle) {+Fly rF+ Dex+2 Stlth+}
   (You bought it in a shop on level 14 of the Dungeon)

   [ring of dexterity]

   It affects your dexterity (+2).
   It protects you from fire.
   It lets you fly.
   It makes you more stealthy.
 i - an uncursed ring of poison resistance
 o - a +5 ring of protection (right tentacle)
 u - a +3 ring of protection (on tentacle)
 G - the ring of Hidapi (on tentacle) {rCorr rC+}
   (You found it on level 3 of the Spider Nest)

   [ring of resist corrosion]

   It protects you from cold.
 P - an amulet of regeneration (around mantle)
 R - a +5 ring of slaying (on tentacle)
 T - the ring of Shadows (on tentacle) {Umbra +Inv Stlth+}
   (You bought it in a shop on level 14 of the Dungeon)

   [ring of stealth]

   It lets you turn invisible.
   It makes you more stealthy.
Wands
 k - a wand of lightning (5/15)
 l - a wand of lightning (6/15)
 y - a wand of clouds (6/9)
 C - a wand of iceblast (8/15)
 J - a wand of scattershot (7/9)
 L - a wand of iceblast (10/15)
 S - a wand of disintegration (8/24)
 V - a wand of confusion (20/48)
 Z - a wand of enslavement (12/24)
Scrolls
 a - 6 scrolls of fog
 d - 3 scrolls of fear
 r - 4 scrolls of blinking
 t - 4 scrolls of immolation
 D - 13 scrolls of teleportation
 E - 2 scrolls of magic mapping
 I - 5 scrolls of identify
Potions
 h - a potion of resistance
 q - 11 potions of heal wounds
 s - 6 potions of might
 v - 6 potions of curing
 x - 6 potions of brilliance
 A - 3 potions of mutation
 F - a potion of agility
 Q - 4 potions of haste
 U - a potion of magic
 W - 5 potions of ambrosia
Miscellaneous
 p - a lightning rod (4/4)
 K - a box of beasts
 N - a lamp of fire
 O - a phantom mirror
Comestibles
 f - 5 bread rations
 n - 8 meat rations


   Skills:
 + Level 12.0 Fighting
   Level 0.8 Short Blades
 * Level 11.3 Slings
 + Level 13.5 Dodging
 - Level 14.4 Stealth
 - Level 15.0 Shields
 + Level 6.1 Spellcasting
 - Level 5.8 Conjurations
 - Level 3.0 Hexes
 - Level 5.3 Charms
 - Level 5.5 Necromancy
 - Level 4.5 Fire Magic
 + Level 11.6 Evocations


You had 5 spell levels left.
You knew the following spells:

 Your Spells              Type           Power        Failure   Level  Hunger
a - Dazzling Spray        Conj/Hex       ###...       6%          3    ###....
b - Tukima's Dance        Hex            ##......     10%         3    ###....
c - Inner Flame           Hex/Fire       ###.....     9%          3    ###....
d - Animate Dead          Necr           N/A          12%         4    ####...
e - Regeneration          Chrm/Necr      ###.......   6%          3    ###....
f - Sticky Flame          Conj/Fire      ###.....     13%         4    ####...
g - Apportation           Tloc           #.....       10%         1    None
h - Animate Skeleton      Necr           N/A          1%          1    None
i - Mephitic Cloud        Conj/Pois/Air  ##......     13%         3    ###....


Dungeon Overview and Level Annotations

Branches:
Dungeon (15/15)            Temple (0/1) D:6            Lair (6/6) D:10
  Swamp (4/4) Lair:4       Spider (4/4) Lair:2        Slime (0/5) Lair:5
    Orc (2/2) D:10            Elf (3/3) Orc:2        Vaults (0/5) D:14
 Depths (0/5) D:15

Altars:
Hepliaklqana
Makhleb
Nemelex Xobeh
Okawaru
Qazlal
Ru
Trog
Yredelemnul

Shops:
D:9 %   D:10 ?   D:14 =   Orc:1 [   Orc:2 *[(:

Annotations:
Elf:2 3 runed doors


Innate Abilities, Weirdness & Mutations

You cannot wear most types of armour.
You are very stealthy in the water. (Stealth+)
You are amphibious.
You can wear up to eight rings at the same time.
You can use your tentacles to constrict eight enemies at once.
Your skin changes colour to match your surroundings (Stealth+).
Your rubbery body absorbs attacks. (AC +1, EV +1)
Potions cannot restore your health.
You are somewhat unskilled. (-1 Apt)
You are sensitive to extremes of temperature. (rF-, rC-)
You are partially covered in molten scales. (AC +2)
You tend to lose your temper in combat.
You are clumsy. (Dex -2)
Your flesh is very cold resistant. (rC++)
Your body sometimes deteriorates upon taking damage.
You are dopey. (Int -2)
Your flesh is heat resistant. (rF+)
Your magical capacity is low. (-10% MP)
You passively map a small area around you.
Your spells are a little harder to cast, but a little more powerful.


Message History

The iceblast engulfs the deep elf demonologist.
The deep elf demonologist is severely wounded.
This wand has 8 charges left.
The deep elf annihilator is no longer covered in acid.
The deep elf mage is engulfed in poison gas.
The deep elf mage is poisoned.
The deep elf mage is engulfed in poison gas.
The deep elf mage is poisoned.
The deep elf demonologist is engulfed in poison gas.
The deep elf demonologist looks even sicker.
A battleaxe of chopping comes into view.
Unknown command.
Evoke which item? (* to show all) (? for menu, Esc to quit)
Aiming: Iceblast
Press: ? - help, Shift-Dir - straight line
Okay, then.
The deep elf annihilator casts a spell at you.
The crystal spear hits you!
Ouch! That really hurt!
You die...

..#..........+...#...#
,
..#..........#...#...#
,
..#.#........#...#(..#
..#.#....##..#...#...#
, * +*
..#..#.##.(.##...#...#,
,*
...!.#...........#e..#
,
......#....##....#...#
.# ,
......#..##..#.(.....#
,.# ,
..#+#####....#..@(##.#
..+ ., ..# ,
......#.##§e.#...#..
..# , ,
...##.#...§e§....#..
..+ ,
.##....#..§e##...# ,,,
..* ,
........#..##§....# ,
#######..##..§#...#** ,
..............' .....
..........#*..#.,.... ,
..........#..e# ,...


You could see a deep elf annihilator, a ghostly deep elf high priest (blind) and
a deep elf mage.

Vanquished Creatures
  Bai Suzhen (Spider:4)
  Rupert (D:12)
  Frances (Swamp:1)
  Kirke (Swamp:4)
  2 thorn hunters (Swamp:3)
  2 deep elf sorcerers
  4 ghost moths
  9 emperor scorpions
  2 very ugly things (IceCv)
  A stone giant (Orc:2)
  2 entropy weavers
  A deep elf annihilator (Elf:3)
  5 deep elf demonologists
  A deep elf death mage (Elf:3)
  3 ettins
  2 fire dragons (D:13)
  A deep elf high priest (Elf:2)
  A quicksilver dragon skeleton (D:15)
  Josephine (Orc:2)
  Erolcha (D:13)
  14 hydras
  2 ice dragons (D:13)
  3 centaur warriors
  2 ghost crabs
  A catoblepas (D:14)
  A merfolk avatar (Lair:6)
  A vampire mage (D:15)
  14 dancing weapons
  4 alligators
  An ogre mage (Orc:1)
  6 two-headed ogres
  3 orc high priests
  Nergalle (Lair:1)
  3 spriggans
  10 deep elf knights (Elf:1)
  2 skeletal warriors (D:15)
  2 unseen horrors
  9 swamp dragons
  2 spriggan druids
  A sea snake (Lair:6)
  6 deep elf archers
  An orange crystal statue (Elf:2)
  4 shambling mangroves
  An orb spider (shapeshifter) (D:15)
  The ghost of Garrluk the Arsonist, a novice DEFE of Vehumet (Bailey)
  12 wolf spider zombies (Spider:1)
  A harpy (shapeshifter) (Elf:2)
  3 necromancers
  3 orc knights (Orc:2)
  9 orb spiders
  9 ugly things
  36 deep elf magi
  A fire giant zombie (D:15)
  2 orc sorcerers (Orc:2)
  A sphinx skeleton (D:15)
  31 wolf spiders
  3 manticores
  2 moths of wrath
  Joseph (D:9)
  14 cyclopes
  4 elephants
  2 centaur zombies (D:15)
  2 gargoyles
  A black mamba (Lair:5)
  5 ice statues (IceCv)
  3 torpor snails
  15 spiny frogs
  A torpor snail (shapeshifter) (D:15)
  2 kobold demonologists (D:11)
  A rime drake (shapeshifter) (Elf:1)
  10 komodo dragons
  An anaconda simulacrum (IceCv)
  14 rime drakes
  10 demonic crawlers
  3 redback zombies
  21 jumping spiders
  A queen bee (D:10)
  7 tyrant leeches
  A wind drake (shapeshifter) (D:15)
  9 trolls
  A wolf spider simulacrum (D:15)
  20 hornets
  21 blink frogs
  26 slime creatures
  9 tarantella zombies (Spider:1)
  A wind drake (Lair:6)
  20 hippogriffs
  7 dream sheep
  An ettin zombie (D:15)
  12 bog bodies
  Sigmund (D:2)
  98 redbacks
  4 shadows
  2 vampires
  5 water elementals
  27 yaks
  36 tarantellas
  6 wraiths
  7 wyverns
  2 air elementals (Elf:1)
  2 fire elementals
  7 steam dragons
  2 hungry ghosts
  2 basilisks (Lair:1)
  14 vampire mosquitoes
  3 wargs (Orc:2)
  4 harpy simulacra (IceCv)
  3 insubstantial wisps (Swamp:4)
  An iron troll simulacrum (IceCv)
  17 swamp worms
  11 water moccasins
  An acid dragon (D:13)
  7 porcupines
  3 hydra simulacra (IceCv)
  25 orc warriors
  12 swamp drakes
  5 sky beasts
  5 phantoms
  8 ice beasts
  3 black bears (D:6)
  10 centaurs
  14 ogres
  11 wolves
  A hornet zombie (D:14)
  22 crocodiles
  9 big kobolds
  Blork the orc (D:4)
  6 gnoll sergeants
  2 earth elementals
  12 bullfrogs
  5 scorpions
  20 killer bees (D:10)
  11 wights
  6 howler monkeys
  2 electric eels (Spider:2)
  11 crimson imps
  A bullfrog zombie (D:9)
  9 hounds
  3 jellies
  A bullfrog skeleton (D:9)
  12 orc priests
  6 centaur skeletons
  19 orc wizards
  Crazy Yiuf (D:3)
  6 gnoll shamans (Bailey)
  Natasha (twice) (D:4)
  An iguana (D:8)
  13 worker ants
  A hound zombie (D:10)
  17 gnolls
  17 adders
  3 river rats (Sewer)
  2 shadow imps (D:9)
  8 oozes
  An adder zombie (D:10)
  5 worms (Sewer)
  2 dart slugs
  4 leopard geckos
  64 orcs
  5 ball pythons
  5 giant cockroaches
  8 goblins
  8 hobgoblins
  15 jackals
  3 quokkas
  4 bats
  2 frilled lizards
  25 kobolds
  A leopard gecko skeleton (D:6)
  11 rats
  A crawling corpse (Elf:3)
  12 fungi
  A plant (Lair:2)
  A withered plant (D:15)
1262 creatures vanquished.

Vanquished Creatures (collateral kills)
  Jorgrun (Swamp:4)
  A ghost moth (Spider:4)
  An emperor scorpion (Spider:4)
  An entropy weaver (Spider:4)
  2 hydras (Swamp:4)
  A dancing weapon (Orc:2)
  A spriggan berserker (Swamp:4)
  2 swamp dragons (Swamp:4)
  A shambling mangrove (Swamp:4)
  An orc sorcerer (Orc:2)
  An ugly thing (D:13)
  A centaur skeleton (D:14)
  A troll (D:14)
  4 redbacks (Spider:4)
  A steam dragon (Lair:2)
  A gnoll sergeant (Bailey)
  2 orc warriors (Orc:2)
  An ogre (Orc:2)
  A wight (D:13)
  An orc (Orc:2)
26 creatures vanquished.

Vanquished Creatures (others)
  An emperor scorpion (Spider:2)
  4 hydras
  A two-headed ogre (D:15)
  3 swamp dragons
  An unseen horror (D:15)
  2 wolf spider zombies (Spider:1)
  3 wolf spiders
  A cyclops (Orc:2)
  A gargoyle (D:14)
  A demonic crawler (Spider:2)
  A rime drake (Lair:2)
  A jumping spider (Spider:4)
  A tyrant leech (Swamp:1)
  2 tarantella zombies (Spider:1)
  A slime creature (D:14)
  4 hippogriffs
  5 redbacks
  A tarantella (Spider:1)
  2 yaks
  2 steam dragons (Lair:2)
  A warg (Orc:2)
  3 humans (Swamp:4)
  2 dancing weapons
  A swamp worm (Swamp:2)
  2 water moccasins
  An orc warrior (Orc:2)
  A swamp drake (Swamp:4)
  An ice beast (D:12)
  A black bear (D:8)
  2 gnoll sergeants (Bailey)
  A killer bee (D:10)
  2 wights
  A crimson imp (D:14)
  A hound (D:4)
  An orc priest (Elf:1)
  A bullfrog skeleton (D:13)
  An iguana (D:9)
  A worker ant (D:14)
  3 orcs
  13 fungi
  16 plants
  2 withered plants (D:15)
96 creatures vanquished.

Grand Total: 1384 creatures vanquished

Notes
Turn   | Place    | Note
-------+----------+-------------------------------------------
     0 | D:1      | M4edhros the Octopode Artificer began the quest for the Orb.
     0 | D:1      | Reached XP level 1. HP: 13/13 MP: 3/3
    67 | D:2      | Reached XP level 2. HP: 16/18 MP: 4/4
    78 | D:2      | Found a sacrificial altar of Ru.
    96 | D:2      | Became a worshipper of Ru the Awakened
   260 | D:1      | Reached XP level 3. HP: 16/23 MP: 5/5
   834 | D:2      | Reached XP level 4. HP: 29/29 MP: 6/6
   846 | D:2      | Reached skill level 1 in Slings
  1037 | D:2      | Found a hazy altar of Hepliaklqana.
  1057 | D:2      | Noticed Sigmund
  1063 | D:2      | Killed Sigmund
  1063 | D:2      | Reached XP level 5. HP: 33/35 MP: 7/7
  1063 | D:2      | Reached XP level 6. HP: 39/41 MP: 8/8
  1119 | D:3      | Found a burning altar of Makhleb.
  1137 | D:3      | Gained mutation: You are sensitive to extremes of temperature. (rF-, rC-) [Ru sacrifice]
  1137 | D:3      | Reached * piety under Ru
  1137 | D:3      | Reached ** piety under Ru
  1137 | D:3      | Reached *** piety under Ru
  1476 | D:3      | Found a runed door.
  1683 | D:3      | Found a basalt altar of Yredelemnul.
  1837 | D:3      | Reached skill level 5 in Stealth
  2071 | D:3      | Noticed Crazy Yiuf
  2082 | D:3      | Killed Crazy Yiuf
  2191 | D:4      | Reached XP level 7. HP: 46/46 MP: 9/9
  2369 | D:4      | Noticed Blork the orc
  2381 | D:4      | Killed Blork the orc
  2394 | D:4      | Noticed Natasha
  2403 | D:4      | Killed Natasha
  2468 | D:4      | Found a glowing drain.
  2472 | Sewer    | Entered a sewer
  2665 | Sewer    | Reached XP level 8. HP: 51/54 MP: 10/10
  2887 | Sewer    | Gained mutation: You are somewhat unskilled. (-1 Apt) [Ru sacrifice]
  2887 | Sewer    | Reached **** piety under Ru
  2887 | Sewer    | Reached ***** piety under Ru
  3367 | D:4      | Noticed Natasha
  3372 | D:4      | Killed Natasha
  3495 | D:5      | Entered Level 5 of the Dungeon
  3591 | D:5      | Found a stormy altar of Qazlal.
  3788 | D:5      | Reached skill level 5 in Dodging
  4390 | D:6      | Found a bloodstained altar of Trog.
  4397 | D:6      | Reached XP level 9. HP: 50/59 MP: 5/11
  4571 | D:6      | Reached skill level 5 in Slings
  4641 | D:6      | Found a staircase to the Ecumenical Temple.
  4648 | D:6      | Reached skill level 5 in Fighting
  4774 | D:6      | Gained mutation: Your mind is acute. (Int +2) [mutagenic meat]
  4775 | D:6      | Gained mutation: You are partially covered in molten scales. (AC +2) [mutagenic meat]
  4776 | D:6      | Gained mutation: Your system is resistant to poisons. (rPois) [mutagenic meat]
  4935 | D:7      | Gained mutation: Potions are less effective at restoring your health. [Ru sacrifice]
  5147 | D:7      | Found a flagged portal.
  5161 | Bailey   | Entered a bailey
  5424 | Bailey   | Noticed Garrluk's ghost (novice DEFE)
  5610 | Bailey   | Killed Garrluk's ghost
  5685 | Bailey   | Reached XP level 10. HP: 35/68 MP: 12/12
  6346 | D:7      | Found a sparkling altar of Nemelex Xobeh.
  6424 | D:7      | Noticed a gargoyle
  6435 | D:7      | Killed a gargoyle
  6435 | D:7      | Reached skill level 10 in Stealth
  6496 | D:7      | wtf... ring of 5 slaying, 8ac rings, wttttffffff
  6575 | D:8      | Noticed a two-headed ogre
  6881 | D:8      | Noticed a two-headed ogre
  6892 | D:8      | Killed a two-headed ogre
  7187 | D:8      | Noticed a two-headed ogre
  7212 | D:8      | Killed a two-headed ogre
  7460 | D:8      | You fall through a shaft!
  7504 | D:9      | Reached XP level 11. HP: 75/75 MP: 13/13
  7588 | D:9      | Noticed Joseph
  7598 | D:9      | Killed Joseph
  8007 | D:9      | Found Mutuph's Food Boutique.
  8328 | D:10     | Entered Level 10 of the Dungeon
  8551 | D:8      | Killed a two-headed ogre
  8765 | D:10     | Found a staircase to the Orcish Mines.
  8986 | D:10     | Found Beal's Magic Scroll Shoppe.
  9022 | D:10     | Bought a scroll of blinking for 90 gold pieces
  9022 | D:10     | Bought a scroll of blinking for 90 gold pieces
  9022 | D:10     | Bought a scroll of fog for 24 gold pieces
  9022 | D:10     | Bought a scroll of identify for 24 gold pieces
  9022 | D:10     | Bought a scroll of identify for 24 gold pieces
  9022 | D:10     | Bought a scroll of identify for 24 gold pieces
  9201 | D:10     | Learned a level 3 spell: Dazzling Spray
  9205 | D:10     | Learned a level 3 spell: Tukima's Dance
  9335 | D:10     | Found a staircase to the Lair.
  9376 | D:10     | Reached skill level 1 in Shields
  9658 | D:10     | Lost mutation: Your mind is acute. (Int +2) [potion of mutation]
  9658 | D:10     | Lost mutation: You are partially covered in molten scales. (AC +2) [potion of mutation]
  9658 | D:10     | Lost mutation: Your system is resistant to poisons. (rPois) [potion of mutation]
  9658 | D:10     | Gained mutation: You are partially covered in iridescent scales. (AC +2) [potion of mutation]
  9658 | D:10     | Gained mutation: Your flesh is cold resistant. (rC+) [potion of mutation]
  9658 | D:10     | Gained mutation: You are agile. (Dex +2) [potion of mutation]
  9658 | D:10     | Gained mutation: You are partially covered in molten scales. (AC +2) [potion of mutation]
  9659 | D:10     | Lost mutation: You are agile. (Dex +2) [potion of mutation]
  9659 | D:10     | Lost mutation: You are partially covered in molten scales. (AC +2) [potion of mutation]
  9659 | D:10     | Lost mutation: Your flesh is cold resistant. (rC+) [potion of mutation]
  9659 | D:10     | Gained mutation: Your spells are a little harder to cast, but a little more powerful. [potion of mutation]
  9659 | D:10     | Gained mutation: Your body sometimes deteriorates upon taking damage. [potion of mutation]
  9659 | D:10     | Gained mutation: You are agile. (Dex +2) [potion of mutation]
  9659 | D:10     | Gained mutation: You are robust. (+10% HP) [potion of mutation]
  9660 | D:10     | Lost mutation: You are robust. (+10% HP) [potion of mutation]
  9660 | D:10     | Lost mutation: Your spells are a little harder to cast, but a little more powerful. [potion of mutation]
  9660 | D:10     | Lost mutation: Your body sometimes deteriorates upon taking damage. [potion of mutation]
  9660 | D:10     | Lost mutation: You are agile. (Dex +2) [potion of mutation]
  9660 | D:10     | Lost mutation: You are partially covered in iridescent scales. (AC +2) [potion of mutation]
  9660 | D:10     | Gained mutation: You are somewhat resistant to further mutation. [potion of mutation]
  9660 | D:10     | Gained mutation: You are clumsy. (Dex -2) [potion of mutation]
  9661 | D:10     | Lost mutation: You are clumsy. (Dex -2) [potion of mutation]
  9661 | D:10     | Lost mutation: You are somewhat resistant to further mutation. [potion of mutation]
  9661 | D:10     | Gained mutation: You are partially covered in slimy green scales. (AC +2) [potion of mutation]
  9661 | D:10     | Gained mutation: You are partially covered in thin metallic scales. (AC +2) [potion of mutation]
  9662 | D:10     | Lost mutation: You are partially covered in thin metallic scales. (AC +2) [potion of mutation]
  9662 | D:10     | Lost mutation: You are partially covered in slimy green scales. (AC +2) [potion of mutation]
  9662 | D:10     | Gained mutation: Your spells are a little harder to cast, but a little more powerful. [potion of mutation]
  9662 | D:10     | Gained mutation: You possess an exceptional clarity of mind. [potion of mutation]
  9925 | D:11     | Reached XP level 12. HP: 80/82 MP: 15/15
  9998 | D:11     | Reached skill level 2 in Shields
 10177 | D:11     | Identified Bebraoz's Incunabulum of Heat and Conjuration
 10701 | D:11     | Reached skill level 5 in Evocations
 11085 | D:11     | Reached skill level 3 in Shields
 11527 | D:12     | Noticed Rupert
 11532 | D:12     | Paralysed by Rupert for 2 turns
 11920 | Orc:1    | Entered Level 1 of the Orcish Mines
 11920 | Orc:1    | Noticed a two-headed ogre
 11926 | Orc:1    | Noticed an ogre mage
 11948 | D:10     | Killed a two-headed ogre
 12419 | Lair:1   | Entered Level 1 of the Lair of Beasts
 12473 | Lair:1   | Reached skill level 4 in Shields
 12473 | Lair:1   | Reached skill level 1 in Conjurations
 12673 | Lair:1   | Reached skill level 1 in Spellcasting
 12730 | Lair:1   | Noticed a six-headed hydra
 12740 | Lair:1   | Killed a six-headed hydra
 12796 | Lair:1   | Reached skill level 10 in Dodging
 12796 | Lair:1   | Reached skill level 1 in Hexes
 12994 | Lair:1   | Noticed Nergalle
 13017 | Lair:1   | Killed Nergalle
 13326 | Lair:2   | Reached XP level 13. HP: 55/89 MP: 17/17
 13556 | Lair:2   | Found a hole to the Spider Nest.
 13572 | Lair:2   | Reached skill level 5 in Shields
 13590 | Lair:2   | Gained mutation: Potions are poor at restoring your health. [Ru sacrifice]
 13590 | Lair:2   | Reached ****** piety under Ru
 14924 | Lair:3   | Learned a level 3 spell: Inner Flame
 15422 | Lair:3   | You fall through a shaft for 2 floors!
 15560 | Lair:5   | Found a staircase to the Slime Pits.
 15621 | Lair:5   | Reached skill level 1 in Fire Magic
 16344 | Lair:6   | Entered Level 6 of the Lair of Beasts
 16377 | Lair:4   | Identified a scroll of acquirement
 17274 | Lair:4   | Found a staircase to the Swamp.
 18441 | Lair:5   | Reached XP level 14. HP: 75/97 MP: 19/19
 19560 | Lair:6   | Learned a level 4 spell: Animate Dead
 20011 | Orc:1    | Found Rofeuwn's Antique Armour Shop.
 20118 | Orc:2    | Entered Level 2 of the Orcish Mines
 20525 | Orc:1    | Gained mutation: Your body sometimes deteriorates upon taking damage. [mutagenic meat]
 20526 | Orc:1    | Gained mutation: You are resistant to hostile enchantments. (MR+) [mutagenic meat]
 20574 | Orc:2    | Noticed Josephine
 20586 | Orc:2    | Killed Josephine
 20586 | Orc:2    | Reached skill level 10 in Fighting
 20860 | Orc:2    | Found Ydwim's Book Boutique.
 21381 | Orc:2    | Found a staircase to the Elven Halls.
 21381 | Orc:2    | Found Fikabbas's Antique Armour Boutique.
 21401 | Orc:2    | Found Abyuneabue's General Store.
 21874 | Orc:2    | Bought 11 sling bullets for 66 gold pieces
 22010 | Orc:2    | Reached XP level 15. HP: 101/103 MP: 22/22
 22181 | Orc:2    | Found Beaf Doc's Antique Weapon Boutique.
 22918 | Orc:2    | Bought an uncursed ring of protection from cold for 300 gold pieces
 22962 | Orc:2    | Bought a book of Necromancy for 450 gold pieces
 22966 | Orc:2    | Learned a level 3 spell: Regeneration
 23086 | D:12     | Reached skill level 10 in Evocations
 23204 | D:12     | Killed Rupert
 23204 | D:12     | Reached skill level 1 in Necromancy
 23449 | D:13     | Reached skill level 1 in Charms
 24029 | D:13     | Found a runed door.
 24033 | D:13     | Found a runed door.
 24128 | D:13     | Noticed Erolcha
 24166 | D:13     | Killed Erolcha
 24711 | D:14     | Found Keutan's Jewellery Shoppe.
 24958 | D:14     | Bought an uncursed amulet of regeneration for 390 gold pieces
 24958 | D:14     | Bought the ring of Shadows {Umbra +Inv Stlth+} for 520 gold pieces
 25115 | D:14     | Found a gate to the Vaults.
 25270 | D:14     | Reached skill level 6 in Shields
 25964 | D:15     | Entered Level 15 of the Dungeon
 26019 | D:15     | Found a staircase to the Depths.
 26915 | D:15     | Reached skill level 7 in Shields
 26926 | D:15     | Gained mutation: You are partially covered in yellow scales. (AC +2) [mutagenic meat]
 26927 | D:15     | Gained mutation: You occasionally shout uncontrollably at your foes. [mutagenic meat]
 26928 | D:15     | Lost mutation: Your body sometimes deteriorates upon taking damage. [mutagenic meat]
 27169 | D:15     | Reached XP level 16. HP: 111/111 MP: 23/23
 27174 | D:15     | Gained mutation: You passively map a small area around you. [mutagenic meat]
 27175 | D:15     | Gained mutation: You are dopey. (Int -2) [mutagenic meat]
 27270 | D:15     | Lost mutation: You occasionally shout uncontrollably at your foes. [mutagenic meat]
 27543 | Swamp:1  | Entered Level 1 of the Swamp
 27768 | Swamp:1  | Noticed Frances
 27828 | Swamp:1  | Killed Frances
 27924 | Swamp:1  | Reached skill level 8 in Shields
 28672 | Swamp:2  | Reached skill level 5 in Charms
 28672 | Swamp:2  | Reached skill level 5 in Necromancy
 28758 | Swamp:2  | Lost mutation: You possess an exceptional clarity of mind. [potion of mutation]
 28758 | Swamp:2  | Lost mutation: You are partially covered in yellow scales. (AC +2) [potion of mutation]
 28758 | Swamp:2  | Lost mutation: Your spells are a little harder to cast, but a little more powerful. [potion of mutation]
 28758 | Swamp:2  | Lost mutation: You are resistant to hostile enchantments. (MR+) [potion of mutation]
 28758 | Swamp:2  | Lost mutation: You are dopey. (Int -2) [potion of mutation]
 28758 | Swamp:2  | Gained mutation: You have a pair of small antennae on your head. [potion of mutation]
 28758 | Swamp:2  | Gained mutation: Your muscles are strong. (Str +2) [potion of mutation]
 29066 | Swamp:2  | Reached skill level 9 in Shields
 29278 | Swamp:2  | Found an iron altar of Okawaru.
 29505 | Swamp:2  | Learned a level 4 spell: Sticky Flame
 29864 | Swamp:2  | Gained mutation: You are dopey. (Int -2) [mutagenic meat]
 29866 | Swamp:2  | Gained mutation: Your spells are a little easier to cast, but a little less powerful. [mutagenic meat]
 29867 | Swamp:2  | Gained mutation: You are partially covered in yellow scales. (AC +2) [mutagenic meat]
 30378 | Swamp:3  | Lost mutation: You have a pair of small antennae on your head. [potion of mutation]
 30378 | Swamp:3  | Lost mutation: Your spells are a little easier to cast, but a little less powerful. [potion of mutation]
 30378 | Swamp:3  | Lost mutation: Your muscles are strong. (Str +2) [potion of mutation]
 30378 | Swamp:3  | Gained mutation: Your body sometimes deteriorates upon taking damage. [potion of mutation]
 30378 | Swamp:3  | Lost mutation: Your body sometimes deteriorates upon taking damage. [potion of mutation]
 30378 | Swamp:3  | Gained mutation: Your spells are a little harder to cast, but a little more powerful. [potion of mutation]
 30548 | Swamp:3  | Noticed a thorn hunter
 30556 | Swamp:3  | Killed a thorn hunter
 30625 | Swamp:3  | Noticed a thorn hunter
 30640 | Swamp:3  | Killed a thorn hunter
 30797 | Swamp:3  | Reached skill level 10 in Shields
 31046 | Swamp:4  | Entered Level 4 of the Swamp
 31091 | Swamp:4  | Reached skill level 5 in Conjurations
 31099 | Swamp:4  | Lost mutation: You are partially covered in yellow scales. (AC +2) [potion of mutation]
 31099 | Swamp:4  | Lost mutation: You passively map a small area around you. [potion of mutation]
 31099 | Swamp:4  | Lost mutation: Your spells are a little harder to cast, but a little more powerful. [potion of mutation]
 31099 | Swamp:4  | Lost mutation: You are dopey. (Int -2) [potion of mutation]
 31099 | Swamp:4  | Gained mutation: You have an increased reservoir of magic. (+10% MP) [potion of mutation]
 31099 | Swamp:4  | Gained mutation: Your body sometimes deteriorates upon taking damage. [potion of mutation]
 31099 | Swamp:4  | Gained mutation: You passively map a small area around you. [potion of mutation]
 31637 | Swamp:4  | Noticed Jorgrun
 31643 | Swamp:4  | Killed Jorgrun
 31643 | Swamp:4  | Reached XP level 17. HP: 110/117 MP: 27/27
 31661 | Swamp:4  | Noticed Kirke
 31666 | Swamp:4  | Killed Kirke
 32045 | Swamp:4  | Reached skill level 11 in Shields
 32177 | Swamp:4  | Got a translucent garnet amulet
 32223 | Swamp:4  | Got a decaying rune of Zot
 32535 | Spider:1 | Entered Level 1 of the Spider Nest
 32636 | Spider:1 | Reached skill level 12 in Shields
 32851 | Spider:2 | Gained mutation: You are partially covered in molten scales. (AC +2) [mutagenic meat]
 32852 | Spider:2 | Gained mutation: Your flesh is cold resistant. (rC+) [mutagenic meat]
 32853 | Spider:2 | Gained mutation: You tend to lose your temper in combat. [mutagenic meat]
 32865 | Spider:1 | Found a frozen archway.
 32874 | IceCv    | Entered an ice cave
 33210 | IceCv    | Reached skill level 13 in Shields
 33297 | IceCv    | Lost mutation: You have an increased reservoir of magic. (+10% MP) [mutagenic meat]
 33298 | IceCv    | Gained mutation: Your magical capacity is low. (-10% MP) [mutagenic meat]
 33299 | IceCv    | Gained mutation: Your spells are a little harder to cast, but a little more powerful. [mutagenic meat]
 33304 | IceCv    | Gained mutation: You are dopey. (Int -2) [mutagenic meat]
 33375 | IceCv    | nice!
 33375 | IceCv    | punk!
 33405 | IceCv    | Learned a level 1 spell: Apportation
 33424 | IceCv    | Learned a level 1 spell: Animate Skeleton
 33512 | Spider:1 | Gained mutation: Your flesh is heat resistant. (rF+) [mutagenic meat]
 33515 | Spider:1 | Gained mutation: Potions cannot restore your health. [mutagenic meat]
 34230 | Spider:1 | Identified the amulet "Ogoirimoa" {+Rage rElec rN+ Str-5 Int+3 Dex+3} (You found it on level 4 of the Swamp)
 34474 | Spider:2 | Reached XP level 18. HP: 124/124 MP: 23/23
 34482 | Spider:2 | Reached skill level 14 in Shields
 35754 | Spider:3 | Got a scorched granite ring
 35755 | Spider:3 | Identified the ring of Hidapi {rCorr rC+} (You found it on level 3 of the Spider Nest)
 36005 | Spider:3 | Reached skill level 15 in Shields
 36325 | Spider:4 | Entered Level 4 of the Spider Nest
 37337 | Spider:4 | Noticed Bai Suzhen
 37741 | Spider:4 | Reached skill level 10 in Slings
 37775 | Spider:4 | Killed Bai Suzhen
 37975 | Spider:4 | Paralysed by a hornet for 3 turns
 37986 | Spider:4 | Got a gossamer rune of Zot
 38295 | Orc:2    | Bought a Young Poisoner's Handbook for 600 gold pieces
 38299 | Orc:2    | Learned a level 3 spell: Mephitic Cloud
 38415 | D:14     | Bought the ring "Cod Simp" {+Fly rF+ Dex+2 Stlth+} for 343 gold pieces
 38555 | Elf:1    | Entered Level 1 of the Elven Halls
 38732 | Elf:1    | Reached XP level 19. HP: 129/129 MP: 24/24
 38843 | Elf:1    | Identified the Almanac of Helpful Contamination
 38933 | Elf:1    | Reached skill level 5 in Spellcasting
 40002 | Elf:1    | Gained mutation: You are clumsy. (Dex -2) [a neqoxec]
 40091 | Elf:1    | Noticed a Tzitzimitl
 40660 | Elf:2    | Gained mutation: Your flesh is very cold resistant. (rC++) [mutagenic meat]
 40896 | Elf:2    | Found a runed gate.
 40903 | Elf:2    | Found a runed gate.
 40903 | Elf:2    | Found a runed gate.
 40955 | Elf:3    | Entered Level 3 of the Elven Halls
 41062 | Elf:3    | Killed from afar by a deep elf annihilator

Vault maps used:
D:1:      tarquinn_simple_flora_water_d, minmay_hexomino_f4
D:2:      overflow_temple_1_default, serial_glass, glass_columns_b,
          glass_columns_b, first_bread, lemuel_statue_altar, uniq_sigmund
D:3:      nicolae_overflow_crystal_walls, serial_forest,
          infiniplex_forest_clump_small, infiniplex_forest_lined_4_way,
          infiniplex_forest_clump_small, infiniplex_forest_3_way,
          infiniplex_forest_straight_2, infiniplex_forest_join,
          infiniplex_forest_end_double, yredelemnul_altar_generic,
          uniq_crazy_yiuf_cottage
D:4:      gup_sewer_entry_bowl, uniq_natasha, uniq_blork_the_orc
D:5:      lemuel_crystal_altar
D:6:      trog_ov_bears_minmay, minmay_temple_entry_junction
D:7:      minmay_blocky_corners, nemelex_xobeh_ov_fountains_minmay,
          enter_bailey_3
D:9:      minmay_opposing_rooms, serial_shops, shop, serial_column_ruins,
          column_ruins_hut, column_ruins_hut_ruined, column_ruins_grid_1,
          column_ruins_corridor_corner, column_ruins_columns_straight,
          column_ruins_grid_1, column_ruins_grid_3, uniq_joseph
D:10:     david_lair_generic, orc_0_dummy, serial_shops, shop, david_nohive_1
D:12:     uniq_rupert
D:13:     grunt_ministairs_12, grunt_decor_mini_mirrors, eino_tiny_chamber,
          minmay_guarded_unrand_resistance, uniq_erolcha
D:14:     david_vaults_1, serial_shops, shop, corexii_hall_statues_s
D:15:     gammafunk_depths_entry_grave, minmay_misc_feat_more_columns,
          minmay_three_doors
Lair:1:   grunt_megastairs_1, uniq_nergalle
Lair:2:   spider_nest_entry_web_field, bobbens_dragon_lair_wall
Lair:4:   minmay_swamp_entry_reptiles, st_stairs_9, infiniplex_staircase_pool_2
Lair:5:   minmay_slime_entry_pillars
Lair:6:   gammafunk_lair_ancient_temple, infiniplex_staircase_pool
Swamp:1:  hangedman_swamp_pad, uniq_frances
Swamp:2:  nicolae_swamp_godswood, cheibrodos_swamp_slimy
Swamp:3:  evilmike_swamp_ruin_house_2
Swamp:4:  swamp_basic_johnstein, uniq_kirke, uniq_jorgrun
Spider:1: lemuel_spider_zombies, portal_ice_cave_entry_pillars_three
Spider:3: spider_trap
Spider:4: grunt_spider_rune_circles, uniq_bai_suzhen
Orc:1:    serial_shops, shop
Orc:2:    grunt_orc_gardens, grunt_orc_garden, grunt_orc_garden,
          grunt_orc_garden, grunt_orc_garden, nicolae_orc_pool_cavern,
          uniq_josephine
Elf:1:    minmay_elf_arrival_summoners, orc_legates, evilmike_minifort
Elf:2:    minivault_16
Elf:3:    grunt_elf_hall_diamonds, serial_sigils_hangedman_quiver, hex_large,
          wad_floor_pattern_untrapped, minivault_28
Sewer:    sewer_co_tree
Bailey:   bailey_polearm_gnolls_kennysheep, bailey
IceCv:    ice_cave_statue_garden_chambered

Skill      XL: |  1  2  3  4  5  6  7  8  9 10 11 12 13 14 15 16 17 18 19 |
---------------+----------------------------------------------------------+-----
Stealth        | 3 4 5 6 7 9 10 11 12 13 14 | 14.4
Slings         | 2 3 4 6 7 8 10 11 | 11.3
Fighting       | 2 3 4 4 5 7 8 9 10 11 12 | 12.0
Dodging        | 3 4 5 6 7 9 10 11 12 13 | 13.5
Short Blades   | 0 |  0.8
Evocations     | 4 5 7 9 10 11 | 11.6
Shields        | 1 4 5 7 10 13 15 | 15.0
Conjurations   | 2 3 5 |  5.8
Spellcasting   | 1 3 4 6 |  6.1
Hexes          | 1 3 |  3.0
Fire Magic     | 1 3 4 |  4.5
Necromancy     | 4 5 |  5.5
Charms         | 3 5 |  5.3

Action                   |  1- 3 |  4- 6 |  7- 9 | 10-12 | 13-15 | 16-18 | 19-21 || total
-------------------------+-------+-------+-------+-------+-------+-------+-------++-------
Melee: Short sword       |    82 |    53 |       |       |       |       |       ||   135
       Tentacles         |    22 |    18 |    32 |    87 |   199 |   145 |    23 ||   526
       Constrict         |    20 |    15 |    51 |    71 |    68 |    72 |    11 ||   308
       Quarterstaff      |       |     4 |   153 |       |       |       |       ||   157
       Dagger            |       |       |    51 |   279 |     4 |       |       ||   334
       Trident           |       |       |    31 |    49 |       |       |       ||    80
       Rapier            |       |       |       |    47 |   388 |   154 |       ||   589
       Flail             |       |       |       |    23 |   348 |   287 |    50 ||   708
       Hunting sling     |       |       |       |       |     5 |     8 |       ||    13
       Fustibalus        |       |       |       |       |       |     2 |     1 ||     3
 Fire: Hunting sling     |       |       |     3 |   260 |   659 |   835 |       ||  1757
       Fustibalus        |       |       |       |       |       |   860 |   372 ||  1232
 Cast: Tukima's Dance    |       |       |       |       |     2 |       |       ||     2
       Dazzling Spray    |       |       |       |       |     1 |     4 |       ||     5
       Regeneration      |       |       |       |       |     1 |    21 |     5 ||    27
       Animate Dead      |       |       |       |       |       |     3 |       ||     3
       Sticky Flame      |       |       |       |       |       |     1 |     1 ||     2
Invok: Sacrifice Resista |       |     1 |       |       |       |       |       ||     1
       Power Leap        |       |       |     3 |    10 |    12 |    15 |     1 ||    41
       Draw Out Power    |       |       |     1 |       |     4 |     6 |     1 ||    12
       Sacrifice Skill   |       |       |     1 |       |       |       |       ||     1
       Apocalypse        |       |       |     1 |     5 |     5 |     3 |       ||    14
       Sacrifice Purity  |       |       |     1 |       |     1 |       |       ||     2
       Reject Sacrifices |       |       |       |     1 |       |       |       ||     1
 Abil: Evoke Invisibilit |       |       |       |       |     1 |     1 |       ||     2
Evoke: Wand              |       |     1 |     4 |     6 |    52 |    65 |     6 ||   134
       Lightning rod     |       |       |       |       |     5 |     7 |     4 ||    16
       Lamp of fire      |       |       |       |       |       |     1 |       ||     1
  Use: Scroll            |       |       |    13 |    15 |    14 |    24 |     3 ||    69
       Potion            |       |       |     3 |     6 |     8 |     7 |       ||    24
 Stab: Sleeping          |     8 |    12 |    31 |    30 |    23 |    17 |       ||   121
       Distracted        |       |     1 |     2 |     4 |     7 |     4 |     1 ||    19
       Confused          |       |       |     1 |       |     3 |     1 |       ||     5
       Paralysed         |       |       |     3 |     1 |    20 |    14 |       ||    38
       Invisible         |       |       |       |     6 |    14 |     6 |       ||    26
  Eat: Chunk             |       |     2 |    10 |    16 |    46 |    33 |     4 ||   111
       Royal jelly       |       |     1 |     1 |     2 |     5 |    10 |       ||    19
       Bread ration      |       |       |     1 |     1 |       |     4 |     1 ||     7
Armor: Skin              |    17 |     8 |    75 |   107 |   150 |   196 |    24 ||   577
Dodge: Dodged            |    55 |    21 |   170 |   419 |   717 |  1033 |   138 ||  2553
Block: Buckler           |       |       |       |    52 |   152 |       |       ||   204
       Reflection        |       |       |       |       |     4 |       |       ||     4
       Shield            |       |       |       |       |   218 |   970 |   127 ||  1315
